 Dungeon Crawl Stone Soup version 0.28.0-53-g5a82cb258f (webtiles) character file.

Game seed: 6269867612047225656

4 Descartes the Sneak (level 1, -1/10 HPs)
             Began as a Felid Delver on Aug 6, 2022.
             Was a Plaything of Xom.
             Slain by a hound (5 damage)
             ... on level 4 of the Dungeon.
             The game lasted 00:01:00 (434 turns).

Descartes the Sneak (Felid Delver)                   Turns: 434, Time: 00:01:00

Health: -1/10      AC:  1    Str:  8    XL:     1   Next: 50%
Magic:  2/2        EV: 17    Int: 11    God:    Xom [..*...]
Gold:   0          SH:  0    Dex: 17    Spells: 0/0 levels left
                                        Lives:  0   Deaths: 0

rFire   . . .      SeeInvis +     - Unarmed
rCold   . . .      Faith    .   (shield unavailable)
rNeg    . . .      Spirit   .   (armour unavailable)
rPois   .          Reflect  .   (helmet unavailable)
rElec   .          Harm     .   (cloak unavailable)
rCorr   .          Rampage  .   (gloves unavailable)
Will    .....                   (boots unavailable)
Stlth   ++++......              (no amulet)
HPRegen 0.03/turn               (no ring)
MPRegen 0.08/turn               (no ring)

@: quick
A: very small, claws 1, fangs 3, see invisible, speed 1, shaggy fur 1, stealthy
paws, no weapons or thrown items, no armour, multi-lived
a: Renounce Religion


You were on level 4 of the Dungeon.
You worshipped Xom.
You were a toy of Xom.
You visited 2 branches of the dungeon, and saw 3 of its levels.

Inventory:

Wands
 e - a wand of digging (3)
Scrolls
 a - a scroll of fog
 b - a scroll of magic mapping
 c - a scroll of fear
Potions
 d - a potion of haste


   Skills:
 - Level 3.0 Fighting
 + Level 2.8 Dodging
 * Level 6.7 Stealth
 + Level 2.1 Unarmed Combat


You couldn't memorise any spells.
You didn't know any spells.
Your spell library was empty.

Dungeon Overview and Level Annotations

Branches:
Dungeon (5/15)             Temple (1/1) D:5

Altars:
Ashenzari
Dithmenos
Elyvilon
Fedhas
Gozag
Hepliaklqana
Makhleb
Qazlal
Sif Muna
Trog
Uskayaw
Xom
Zin


Innate Abilities, Weirdness & Mutations

You have sharp claws.
You have razor-sharp teeth.
You have supernaturally acute eyesight. (SInv)
You cover ground quickly. (Speed+)
You are covered in fur. (AC +1)
Your paws help you pounce on unaware monsters.
You are incapable of wielding weapons or throwing items.
You cannot wear armour.
You gain extra lives every three experience levels.


Message History

You pounce on the unaware helpless orc!
You claw the orc!
You kill the orc!
You pounce on the unaware helpless kobold!
You mangle the kobold!!
You kill the kobold!
Things that are here:
a +0 mace; a +0 chain mail
Things that are here:
a +0 whip; 4 stones; a kobold corpse A hobgoblin comes into view.
You see here a scroll labelled IMUR WOEGOYDUQ.
Found a short sword.
A hound comes into view.
Found 14 gold pieces.
The helpless hobgoblin fails to defend itself.
You mangle the hobgoblin!!
You kill the hobgoblin!
A hound skeleton comes into view.
You barely miss the hound.
The hound barks!
You bite the hound.
The hound is lightly wounded.
The hound closely misses you.
You scratch the hound but do no damage.
The hound is lightly wounded.
The hound completely misses you. The hound closely misses you.
You completely miss the hound. The hound bites you.
You scratch the hound.
The hound is moderately wounded.
The hound completely misses you. The hound skeleton barely misses you.
The hound bites you.
A shower of butterflies erupts from you!
You are too injured to fight recklessly!
You are too injured to fight recklessly!
You are too injured to fight recklessly!
The hound skeleton closely misses your butterfly.
The hound bites you.
Ouch! That really hurt!
You die...
Xom thinks this is hilarious!

#.# #########.## #.#
#..........# #.#
#$.........# #.#
#..........# #.#
#..........## #.#
.......†....###.#####
......bb............#
..).....b@.....)....#
#.....Z.h.....?.....#
#.......bb.......)..#
#.........b.....>...#
###########.........#
#.........#
#.........#
###########


You could see a hound (ally target) and a hound skeleton.

Vanquished Creatures
  An orc (D:4)
  A hobgoblin (D:4)
  A kobold (D:4)
3 creatures vanquished.

Notes
Turn   | Place    | Note
-------+----------+-------------------------------------------
     0 | D:5      | Descartes the Felid Delver began the quest for the Orb.
     0 | D:5      | Reached XP level 1. HP: 10/10 MP: 2/2
    19 | D:5      | Found a staircase to the Ecumenical Temple.
    19 | D:5      | Noticed an iguana
    37 | Temple   | Entered the Ecumenical Temple
    98 | Temple   | Became a worshipper of Xom of Chaos
   393 | D:5      | XOM: divination: detect creatures
   423 | D:4      | Noticed a hound
   432 | D:4      | XOM: butterfly on damage
   434 | D:4      | Slain by a hound

Illustrated notes

Levels and vault maps discovered:
D:4:      layout_rooms, cheibrodos_worm_habitat
D:5:      layout_loops_ring, temple_green
Temple:   cyrus_circular_temple

Action                   || total
-------------------------++-------
Melee: Unarmed           ||     8
       Bite              ||     1
 Stab: Sleeping          ||     3
Dodge: Dodged            ||     7
